 Dungeon Crawl Stone Soup version 0.20.1-1-g8b1a95d (webtiles) character file.

64 Zachthehappycat the Ducker (level 3, 0/17 HPs)
             Began as a Felid Berserker on July 3, 2017.
             Was a Follower of Trog.
             Slain by an adder (2 damage)
             ... on level 2 of the Dungeon.
             The game lasted 00:02:25 (1044 turns).

Zachthehappycat the Ducker (Felid Berserker)        Turns: 1044, Time: 00:02:26

Health: 0/17       AC:  1    Str: 14    XL:     3   Next: 91%
Magic:  4/4        EV: 20    Int:  8    God:    Trog [*.....]
Gold:   81         SH:  0    Dex: 15    Spells: 2/2 levels left
                                        Lives:  0   Deaths: 0

rFire    . . .     SeeInvis +     - Unarmed
rCold    . . .     Gourm    .   (shield unavailable)
rNeg     . . .     Faith    .   (armour unavailable)
rPois    .         Spirit   .   (helmet unavailable)
rElec    .         Reflect  .   (cloak unavailable)
rCorr    .         Harm     .   (gloves unavailable)
MR       .....                  (boots unavailable)
Stlth    ++........             (no amulet)
Regen    0.1/turn               (no ring)
MPRegen  0.1/turn               (no ring)

@: quick
A: no armour, no weapons or thrown items, stealth, claws 1, fangs 3, see
invisible, carnivore 3, speed 1, shaggy fur 1, slow metabolism 1, sharp paws
a: Berserk, Burn Spellbooks, Renounce Religion


You were on level 2 of the Dungeon.
You worshipped Trog.
Trog was aware of your devotion.
You were completely stuffed.

You visited 1 branch of the dungeon, and saw 2 of its levels.

You collected 81 gold pieces.

Inventory:

Scrolls
 e - a scroll of remove curse {unknown}
 g - a scroll of enchant weapon {unknown}
Potions
 b - a potion of berserk rage {unknown}
 d - a potion of agility {unknown}
Comestibles
 a - 3 meat rations
 c - 3 royal jellies
 f - 7 chunks of flesh


   Skills:
 + Level 3.5 Fighting
 + Level 4.8 Dodging
 + Level 1.7 Stealth
 + Level 3.7 Unarmed Combat


You had 2 spell levels left.
You didn't know any spells.

Dungeon Overview and Level Annotations

Branches:
Dungeon (2/15)

Altars:


Innate Abilities, Weirdness & Mutations

You cannot wear armour.
You are incapable of wielding weapons or throwing items.
Your paws allow you to move quietly. (Stealth)
You have sharp claws.
You have razor-sharp teeth.
You have supernaturally acute eyesight. (SInv)
You are carnivorous and can eat meat at any time.
You cover ground quickly.
You are covered in fur. (AC +1)
You have a slow metabolism.
Your sharp claws are effective at attacking unaware monsters.


Message History

The kobold closely misses you.
You claw the kobold!
You kill the kobold!
Trog accepts your kill.
You see here a kobold corpse.
You see here a plate armour.
Found a pair of gloves.
Why would you want to do that?
You see here a scroll labeled JAIGEL PUYLU.
g - a scroll labeled JAIGEL PUYLU You catch the helpless adder completely off-guard!
You scratch the adder. You bite the adder.
The adder is heavily wounded.
The adder bites you.
You closely miss the adder. Your bite misses the adder.
The adder is heavily wounded.
The adder bites you.
* * * LOW HITPOINT WARNING * * *
The adder bites you.
You die...

#........# #≈≈≈≈..≈≈≈≈##
..########
≈≈≈≈≈..≈≈≈≈≈## #
≈≈≈≈≈..≈≈≈≈≈≈##
≈≈≈≈≈..≈≈≈≈≈≈≈#######
≈≈≈≈≈..≈≈≈≈≈≈≈≈##...####
≈≈≈..≈≈≈≈≈≈≈≈##.#...#.
#..#≈≈≈≈≈≈≈##.....#.
#@...[.†.'...#....
#S.....).'...#....
#..#≈≈≈≈≈≈≈#.#####.[
≈≈≈..≈≈≈≈≈≈≈≈#.# #..
≈≈≈≈..≈≈≈≈≈≈≈≈#.. #..
≈≈≈≈..≈≈≈≈≈≈≈##..# ###
≈≈≈≈..≈≈≈≈≈≈##..##
≈≈≈≈..≈≈≈≈≈## ...
≈≈≈[.≈≈≈≈##


You could see an adder.

Vanquished Creatures
  Jessica (D:2)
  A gnoll (D:2)
  A worm (D:2)
  A giant cockroach (D:1)
  7 goblins
  5 hobgoblins
  2 kobolds
  A ball python (D:1)
  4 bats (D:1)
  A frilled lizard (D:1)
24 creatures vanquished.

Notes
Turn   | Place    | Note
-------+----------+-------------------------------------------
     0 | D:1      | Zachthehappycat the Felid Berserker began the quest for the Orb.
     0 | D:1      | Reached XP level 1. HP: 10/10 MP: 2/2
   315 | D:1      | Reached XP level 2. HP: 9/14 MP: 3/3
   895 | D:2      | Noticed Jessica
   906 | D:2      | Killed Jessica
   906 | D:2      | Reached skill level 1 in Stealth
   906 | D:2      | Reached XP level 3. HP: 7/17 MP: 4/4
  1044 | D:2      | Slain by an adder

Skill      XL: |  1  2 |
---------------+-------+-----
Stealth        | 1 |  1.7
Fighting       | |  3.5
Dodging        | |  4.8
Unarmed Combat | |  3.7

Action                   || total
-------------------------++-------
Melee: Unarmed           ||    65
       Bite              ||     4
 Stab: Sleeping          ||     4
       Distracted        ||     1
  Eat: Chunk             ||     7
Armor: Skin              ||     4
Dodge: Dodged            ||    50
